 Dungeon Crawl Stone Soup version 0.28.0-43-g3370ac3207 (webtiles) character file.

Game seed: 16483644125347614314

452 pkoi the Ruffian (level 6, -1/47 HPs)
             Began as a Draconian Transmuter on Mar 15, 2022.
             Was an Initiate of Sif Muna.
             Slain by Pikel
             ... wielding a +2 whip of freezing
              (2 damage)
             ... on level 6 of the Dungeon.
             The game lasted 00:06:34 (5294 turns).

pkoi the Ruffian (Draconian Transmuter)             Turns: 5294, Time: 00:06:35

Health: -1/47      AC:  6    Str: 11 (12) XL:     6   Next: 75%
Magic:  10/10      EV: 12    Int: 13 (16) God:    Sif Muna [......]
Gold:   156        SH:  0    Dex: 10 (11) Spells: 9/11 levels left

rFire   . . .      SeeInvis .   c - +3 whip (elec)
rCold   . . .      Faith    .   (no shield)
rNeg    . . .      Spirit   .   (armour unavailable)
rPois   .          Reflect  .   (helmet currently unavailable)
rElec   .          Harm     .   (no cloak)
rCorr   .          Rampage  .   (no gloves)
Will    .....                   (boots currently unavailable)
Stlth   +.........              (no amulet)
HPRegen 0.15/turn               (no ring)
MPRegen 0.12/turn               (no ring)

@: appendages (expiring), slowed, very slow
A: horns 2, talons 2, AC +6, unfitting armour, cold-blooded, deterioration 1
a: End Transformation, Renounce Religion


You were on level 6 of the Dungeon.
You worshipped Sif Muna.
Sif Muna was noncommittal.
You had temporarily grown beastly horns and talons.
You visited 2 branches of the dungeon, and saw 6 of its levels.

You collected 156 gold pieces.

Inventory:

Hand Weapons
 c - a +3 whip of electrocution (weapon)
 q - a +3 short sword of protection
Armour
 k - the +3 hat of Pondering (melded) {ponderous, Will+ MP+10 Int+5}
   (You found it on level 3 of the Dungeon)

   Int:       It affects your intelligence (+5).
   MP:        It affects your magic capacity (+10).
   Will:      It increases your willpower.
Jewellery
 g - the ring of the Death Scarab {rPois Slay+2}
   (You found it on level 2 of the Dungeon)

   [ring of poison resistance]

   Slay:      It affects your accuracy & damage with ranged weapons and melee
   (+2).
   rPois:     It protects you from poison.
 n - an amulet of the acrobat
 p - an amulet of guardian spirit
Scrolls
 a - 2 scrolls of identify
 b - a scroll of teleportation
 d - 2 scrolls of enchant weapon
 h - a scroll of brand weapon
 l - a scroll of fog
Potions
 f - 2 potions of might


   Skills:
 - Level 1.1 Fighting
 - Level 1.7 Dodging
 - Level 6.0 Unarmed Combat
 + Level 3.1 Spellcasting
 + Level 2.6 Conjurations
 + Level 3.2 Transmutations


You had 9 spell levels left.
You knew the following spells:

 Your Spells              Type           Power      Damage    Failure   Level
a - Beastly Appendage     Tmut           20%        N/A       6%          1
b - Magic Dart            Conj           32%        1d4       8%          1

Your spell library contained the following spells:

 Spells                   Type           Power      Damage    Failure   Level
 Wereblood                Tmut           10%        N/A       9%          2
 Call Imp                 Summ           2%         N/A       34%         2
 Spider Form              Tmut/Pois      6%         N/A       34%         3
 Mephitic Cloud           Conj/Pois/Air  4%         N/A       43%         3
 Ice Form                 Ice/Tmut       6%         N/A       75%         4


Dungeon Overview and Level Annotations

Branches:
Dungeon (4/15)             Temple (1/1) D:4

Altars:
Ashenzari
Cheibriados
Dithmenos
Fedhas
Gozag
Hepliaklqana
Kikubaaqudgha
Makhleb
Nemelex Xobeh
Okawaru
Qazlal
Ru
Sif Muna
Trog
Vehumet
Wu Jian
Xom
Yredelemnul
Zin
The Shining One

Annotations:
D:6 Maggie, Pikel


Innate Abilities, Weirdness & Mutations

You have temporarily grown beastly horns and talons.
Your plain brown scales are hard. (AC +6)
You cannot fit into any form of body armour.
You are cold-blooded and may be slowed by cold attacks.
Your body sometimes deteriorates upon taking damage.


Message History

You are too injured to fight recklessly!
You are too injured to fight recklessly!
You are too injured to fight recklessly!
Casting: Beastly Appendage (safe; 4% risk of failure)
Confirm with . or Enter, or press ? or * to list all spells.
You grow a pair of large bovine horns.
Your feet morph into talons.
The +3 hat of Pondering {ponderous, Will+ MP+10 Int+5} melds into your body.
That put a bit of spring back into your step.
Pikel hits you with a +2 whip of freezing!
* * * LOW HITPOINT WARNING * * *
Your body deteriorates!
You feel dopey.
You feel yourself slow down. Pikel freezes you.
* * * LOW HITPOINT WARNING * * *
You whack Pikel! You claw Pikel, but do no damage.
Pikel is moderately wounded.
Pikel hits you with a +2 whip of freezing.
* * * LOW HITPOINT WARNING * * *
You feel as though you will be slow longer.
Pikel freezes you.
* * * LOW HITPOINT WARNING * * *
You closely miss Pikel.
Pikel is moderately wounded.
Your transformation is almost over.
Pikel hits you with a +2 whip of freezing.
* * * LOW HITPOINT WARNING * * *
Pikel freezes you.
* * * LOW HITPOINT WARNING * * *
Pikel hits you with a +2 whip of freezing!
* * * LOW HITPOINT WARNING * * *
You feel as though you will be slow longer.
Pikel freezes you.
* * * LOW HITPOINT WARNING * * *
You barely miss Pikel. You claw Pikel, but do no damage.
Your punch misses Pikel.
Pikel is moderately wounded.
Pikel closely misses you.
Pikel hits you with a +2 whip of freezing.
* * * LOW HITPOINT WARNING * * *
Pikel freezes you.
You die...

#.......# #.......#
#.......# #
######......# #.
#....#......# #..
#....#......# #...
#....#......#
#...5######....#......#
#...5K@...............'
#....######....#......#
#... #....#......# ###
#....#......#
######......# #.....[#
#......# #......#


You could see Pikel and 2 lemures.

Vanquished Creatures
  Menkaure (D:6)
  A water moccasin (D:6)
  2 lemures (D:6)
  A howler monkey (D:3)
  A hound (D:4)
  2 orc wizards
  5 adders
  2 worms (D:2)
  5 orcs
  2 bats
  8 endoplasms
  5 goblins
  6 hobgoblins
  3 quokkas
  7 ball pythons
  2 frilled lizards
  8 kobolds
  A rat (D:1)
62 creatures vanquished.

Notes
Turn   | Place    | Note
-------+----------+-------------------------------------------
     0 | D:1      | pkoi the Draconian Transmuter began the quest for the Orb.
     0 | D:1      | Reached XP level 1. HP: 16/16 MP: 3/3
   343 | D:1      | Reached XP level 2. HP: 20/23 MP: 5/5
   656 | D:1      | Reached skill level 4 in Unarmed Combat
  1032 | D:1      | Found a faded altar of an unknown god.
  1357 | D:2      | Reached XP level 3. HP: 28/28 MP: 6/6
  1479 | D:2      | Found a bloodstained altar of Trog.
  1929 | D:2      | Identified the ring of the Death Scarab {rPois Slay+2}
  2295 | D:2      | Reached XP level 4. HP: 35/35 MP: 5/7
  2360 | D:3      | Found the +3 hat of Pondering {ponderous, Will+ MP+10
                  | Int+5}
  2448 | D:3      | Learned a level 1 spell: Magic Dart
  2548 | D:3      | Reached skill level 5 in Unarmed Combat
  2978 | D:3      | Reached XP level 5. HP: 39/40 MP: 8/8
  3804 | D:4      | Reached skill level 1 in Conjurations
  3834 | D:4      | Found a staircase to the Ecumenical Temple.
  3849 | Temple   | Entered the Ecumenical Temple
  4184 | Temple   | Became a worshipper of Sif Muna the Loreminder
  4242 | D:4      | You fall into a shaft and drop 2 floors!
  4244 | D:6      | Noticed a lemure
  4244 | D:6      | Noticed a lemure
  4244 | D:6      | Noticed Pikel
  4283 | D:6      | Killed a lemure
  4598 | D:6      | Noticed Menkaure
  4605 | D:6      | Killed Menkaure
  4606 | D:6      | Reached XP level 6. HP: 15/47 MP: 8/10
  4837 | D:6      | Noticed a water moccasin
  4849 | D:6      | Killed a water moccasin
  4850 | D:6      | Reached skill level 6 in Unarmed Combat
  4853 | D:6      | Gained mutation: Your body sometimes deteriorates upon
                  | taking damage. [potion of mutation]
  5256 | D:6      | Noticed Maggie
  5294 | D:6      | HP: 1/47 [Pikel/+2 whip of freezing (4)]
  5294 | D:6      | Slain by Pikel

Illustrated notes

Levels and vault maps discovered:
D:1:      onia_arrival_mini_maze_b, layout_loops_ring,
          shapermc_ecumenical_altar_acropolis, minmay_heptomino_h4
D:2:      layout_loops_cross, basic_altar, nrook_uturn, grunt_decor_mini_mirrors
D:3:      layout_basic, kennysheep_minor_cross
D:4:      layout_gridville, minmay_temple_entry_sparse_star,
          eino_small_chamber_without_monster, uniq_natasha
D:6:      layout_basic, uniq_maggie, uniq_menkaure, uniq_pikel, uniq_grinder
Temple:   mainiacjoe_temple_cubbyholes

Skill      XL: |  1  2  3  4  5  6 |
---------------+-------------------+-----
Unarmed Combat | 4 5 6 |  6.0
Conjurations   | 1 2 |  2.6
Transmutations | 3 |  3.2
Spellcasting   | 3 |  3.1
Fighting       | |  1.1
Dodging        | |  1.7

Action                   |  1- 3 |  4- 6 || total
-------------------------+-------+-------++-------
Melee: Unarmed           |    23 |       ||    23
       Tailslap          |    10 |    12 ||    22
       Punch             |     2 |     6 ||     8
       Whip              |    71 |   105 ||   176
       Headbutt          |     2 |     2 ||     4
       Kick              |     1 |     5 ||     6
 Cast: Beastly Appendage |     2 |     5 ||     7
       Magic Dart        |       |    18 ||    18
  Use: Scroll            |       |     7 ||     7
       Potion            |       |     4 ||     4
 Stab: Sleeping          |     2 |       ||     2
Armor: Skin              |    24 |    40 ||    64
Dodge: Dodged            |    56 |    46 ||   102
